 Dungeon Crawl Stone Soup version 0.31.0-12-g77e489cdc1 (webtiles) character file.

Game seed: 963819965279470252

53 DildoBatman the Conjurer (level 4, -1/18 (32) HPs)
             Began as a Formicid Conjurer on Feb 28, 2024.
             Succumbed to an adder's poison
             ... on level 3 of the Dungeon.
             The game lasted 00:03:31 (1689 turns).

DildoBatman the Conjurer (Formicid Conjurer)        Turns: 1689, Time: 00:03:32

HP:   -1/18 (32)    AC:  2    Str: 12    XL:     4   Next: 11%
MP:   2/7           EV: 12    Int: 19    God:
Gold: 91            SH:  0    Dex: 12    Spells: 5/8 levels left

rFire   . . .        l - +0 hand axe (venom)
rCold   . . .        (no shield)
rNeg    . . .        a - +0 robe
rPois   .            (helmet unavailable)
rElec   .            (no cloak)
rCorr   .            (no gloves)
SInv    +            (no boots)
Will    .....        (no amulet)
Stlth   ++           (no ring)
HPRegen 0.23/turn    (no ring)
MPRegen 0.10/turn

%: no passive effects
@: lethally poisoned (-1 -> -8), very heavily drained
A: permanent stasis, dig shafts and tunnels, antennae 3, four strong arms
a: Dig, Shaft Self


You were on level 3 of the Dungeon.
You visited 1 branch of the dungeon, and saw 3 of its levels.

You collected 91 gold pieces.

Inventory:

Hand Weapons
 c - a +0 spear
 l - a +0 hand axe of venom (weapon)
Missiles
 e - 34 stones
Armour
 a - a +0 robe (worn)
 o - a +1 scale mail of cold resistance
Scrolls
 f - a scroll of acquirement {unknown}
 g - a scroll of enchant weapon {unknown}
 h - a scroll of teleportation {unknown}
 i - 2 scrolls of summoning {unknown}
 j - a scroll of fog {unknown}
 n - a scroll of immolation {unknown}
 p - a scroll of identify {unknown}
 q - a scroll of blinking {unknown}
Potions
 b - a potion of magic
 d - a potion of berserk rage {unknown}
 k - 2 potions of cancellation {unknown}
 m - a potion of attraction {unknown}
 r - a potion of degeneration {unknown}


   Skills:
 + Level 1.1 Fighting
 + Level 1.2 Armour
 + Level 2.2 Dodging
 + Level 3.1 Stealth
 + Level 2.5 Spellcasting
 + Level 3.8 Conjurations


You had 5 spell levels left.
You knew the following spells:

 Your Spells              Type           Power      Damage    Failure   Level
a - Searing Ray           Conj           34%        2d5       4%          2
c - Magic Dart            Conj           68%        1d6       3%          1

Your spell library contained the following spells:

 Spells                   Type           Power      Damage    Failure   Level
 Shock                    Conj/Air       36%        1d5       8%          1
 Fulminant Prism          Conj/Alch      4%         3d5       58%         4
 Iskenderun's Mystic Bla  Conj/Tloc      9%         2d4       58%         4
 Airstrike                Air            1%         2d(1-17)  85%         4
 Swiftness                Air            Unusable   N/A       N/A         3

Dungeon Overview and Level Annotations

Branches:
Dungeon (3/15)

Altars:

Annotations:
D:2 Natasha


Innate Abilities, Weirdness & Mutations

You cannot be hasted, slowed, berserked, paralysed or teleported.
You can dig through walls and to a lower floor.
You have a pair of large antennae on your head. (SInv)
Your four strong arms can wield two-handed weapons with a shield.


Message History

You dig through the rock wall.
You feel drained.
An adder comes into view.
The ball python bites you. The ball python misses you. x2
The ball python grabs you. The ball python constricts you.
The adder closely misses you. The ball python barely misses you.
You escape the ball python's grasp.
You dig through the rock wall.
You feel drained. The adder bites you.
You can't dig through that.
You open the door. The adder bites you. The ball python misses you.
The ball python barely misses you. The adder closely misses you.
The ball python attacks as it pursues you!
The ball python barely misses you. The ball python grabs you.
The ball python constricts you. The adder bites you.
You are poisoned.
The adder poisons you!
There is an open door here.
You open the door.
You feel sick. The ball python closely misses you. x2
The ball python barely misses you. The ball python constricts you.
The adder bites you.
You are more poisoned.
The adder poisons you!
Found a scroll labelled YDDERE XIETT.
You escape the ball python's grasp.
A malevolent force fills the Dungeon... and a teleportation trap spontaneously manifests!
You feel a strange sense of stasis.
You die...

+.....#.........).....
#.?...#....#.#########
####.+######.#
#.....+..# #.#
#........# #.#
+......#+# #<#
#....SSS.# #.#
#....S'..# #.#
#####@#### #.# {#..#
#?.# #### { ##


You could see an adder and 3 ball pythons.

Vanquished Creatures
  2 adders
  3 endoplasms
  A giant cockroach (D:1)
  A goblin (D:1)
  5 hobgoblins
  2 jackals (D:1)
  3 kobolds
  3 quokkas
  4 ball pythons
  3 bats
  3 frilled lizards (D:1)
  5 rats
35 creatures vanquished.

Notes
Turn   | Place    | Note
-------+----------+-------------------------------------------
     0 | D:1      | DildoBatman the Formicid Conjurer began the quest for the
                  | Orb.
     0 | D:1      | Reached XP level 1. HP: 13/13 MP: 3/3
   148 | D:1      | Reached XP level 2. HP: 19/19 MP: 3/5
   151 | D:1      | Learned a level 2 spell: Searing Ray
   456 | D:1      | Reached skill level 1 in Armour
   472 | D:1      | Reached XP level 3. HP: 25/25 MP: 1/6
   988 | D:2      | Reached skill level 1 in Fighting
  1072 | D:2      | Noticed Natasha
  1674 | D:3      | Reached XP level 4. HP: 32/32 MP: 0/7
  1689 | D:3      | Succumbed to an adder's poison

Illustrated notes

Levels and vault maps discovered:
D:1:      dpeg_arrival_shelter, layout_basic
D:2:      wander_river, layout_basic, moated_statue, uniq_natasha
D:3:      layout_loops_ring, mainiacjoe_overflow_alcove_2, minmay_snake_closets

Skill      XL: |  1  2  3 |
---------------+----------+-----
Dodging        | 2 |  2.2
Armour         | 1 |  1.2
Fighting       | 1 |  1.1
Stealth        | 3 |  3.1
Spellcasting   | |  2.5
Conjurations   | |  3.8

Action                     |  1- 3 |  4- 6 || total
---------------------------+-------+-------++-------
  Melee: Spear             |    21 |       ||    21
         Hand axe          |    18 |       ||    18
   Cast: Magic Dart        |    44 |       ||    44
Ability: Dig               |       |     4 ||     4
   Stab: Sleeping          |     6 |       ||     6
 Armour: Robe              |    12 |    11 ||    23
  Dodge: Dodged            |    21 |    19 ||    40
